 Dungeon Crawl Stone Soup version 0.28-b1-25-g9875b3fc8c (webtiles) character file.

Game seed: 5497920939516016236

3549 pkoi the Ducker (level 9, -8/77 (78) HPs)
             Began as a Minotaur Gladiator on Feb 1, 2022.
             Was a High Priest of Cheibriados.
             Mangled by a wight (15 damage)
             ... on level 8 of the Dungeon.
             The game lasted 00:08:54 (6893 turns).

pkoi the Ducker (Minotaur Gladiator)                Turns: 6893, Time: 00:08:54

HP:   -8/77 (78)    AC:  5    Str: 32    XL:     9   Next: 83%
MP:   7/11          EV: 18    Int: 28    God:    Cheibriados [*****.]
Gold: 343           SH:  0    Dex: 27    Spells: 8/8 levels left

rFire   . . .      SeeInvis .   j - +10 mace "Gusk" {elec, rN+ Int+4}
rCold   . . .      Faith    .   (no shield)
rNeg    + . .      Spirit   .   D - +2 robe of Durphow {Dex+4}
rPois   .          Reflect  .   c - +0 hat
rElec   .          Harm     .   E - scarf {+Inv}
rCorr   .          Rampage  .   (no gloves)
Will    .....                   h - +0 pair of boots
Stlth   +++.......              z - amulet of regeneration
HPRegen 1.02/turn               m - +6 ring of intelligence
MPRegen 0.12/turn               r - +4 ring of slaying

@: lightly drained, very slow
A: horns 2, retaliatory headbutt
a: Renounce Religion, Evoke Invisibility, Bend Time, Temporal Distortion,
Slouch, Step From Time


You were on level 8 of the Dungeon.
You worshipped Cheibriados.
Cheibriados was extremely pleased with you.
You visited 2 branches of the dungeon, and saw 9 of its levels.

You collected 343 gold pieces.

Inventory:

Hand Weapons
 a - a +1 long sword
 j - the +10 mace "Gusk" (weapon) {elec, rN+ Int+4}
   (You found it on level 2 of the Dungeon)

   It occasionally discharges a powerful burst of electricity upon striking a
   foe.
   Int:       It affects your intelligence (+4).
   rN:        It protects you from negative energy.
 l - the +10 dagger "Opiareb" {vorpal, Will+}
   (You found it on level 4 of the Dungeon)

   It inflicts extra damage upon your enemies.
   Will:      It increases your willpower.
 o - the +7 flail "Cipleab" {vorpal, rCorr Stlth+}
   (You found it on level 4 of the Dungeon)

   It inflicts extra damage upon your enemies.
   rCorr:     It protects you from acid and corrosion.
   Stlth:     It makes you more stealthy.
 B - a +0 arbalest
 F - a +2 whip of venom
Missiles
 d - 3 throwing nets (quivered)
 q - 25 poisoned darts
 C - 42 bolts
Armour
 b - a +0 leather armour
 c - a +0 hat (worn)
 h - a +0 pair of boots (worn)
 i - a +0 cloak
 D - the +2 robe of Durphow (worn) {Dex+4}
   (You found it on level 4 of the Dungeon)

   Dex:       It affects your dexterity (+4).
 E - a scarf of invisibility (worn)
Jewellery
 m - a +6 ring of intelligence (left hand)
 n - a ring of wizardry
 r - a +4 ring of slaying (right hand)
 t - an amulet of magic regeneration
 u - a ring of willpower
 z - an amulet of regeneration (around neck)
 H - a +6 ring of dexterity
Wands
 s - a wand of mindburst (13)
 v - a wand of iceblast (8)
 w - a wand of acid (3)
 y - a wand of digging (4)
 A - a wand of flame (15)
Scrolls
 f - 2 scrolls of magic mapping
 g - 7 scrolls of fog
 k - 4 scrolls of identify
Potions
 e - a potion of might {unknown}
 p - a potion of invisibility
 x - a potion of degeneration {unknown}
 G - a potion of flight {unknown}


   Skills:
 - Level 6.6 Fighting
 - Level 6.4 Long Blades
 - Level 5.5 Maces & Flails
 + Level 5.0 Crossbows
 - Level 2.0 Throwing
 - Level 6.1 Armour
 - Level 6.6 Dodging
 - Level 3.6 Stealth
 - Level 4.6 Invocations
 - Level 2.6 Evocations


You had 8 spell levels left.
You didn't know any spells.
Your spell library contained the following spells:

 Spells                   Type           Power      Damage    Failure   Level
 Animate Armour           Summ/Erth      0%         N/A       73%         4
 Blade Hands              Tmut           0%         N/A       97%         5
 Iron Shot                Conj/Erth      0%         9d1       100%        6


Dungeon Overview and Level Annotations

Branches:
Dungeon (8/15)             Temple (1/1) D:4
   Lair: D:8-11

Altars:
Ashenzari
Cheibriados
Dithmenos
Elyvilon
Fedhas
Gozag
Hepliaklqana
Kikubaaqudgha
Makhleb
Nemelex Xobeh
Okawaru
Qazlal
Ru
Sif Muna
Trog
Uskayaw
Vehumet
Wu Jian
Xom
Yredelemnul
Zin
The Shining One

Shops:
D:5 ?

Annotations:
D:8 Grum


Innate Abilities, Weirdness & Mutations

You have a pair of horns on your head.
You reflexively headbutt those who attack you in melee.


Message History

Unknown command.
You bludgeon the wolf!!
You kill the wolf!
Cheibriados thoroughly appreciates the change of pace.
Grum hits you from afar with a +0 spear! x2
* * * LOW HITPOINT WARNING * * *
Your Crossbows skill increases to level 5!
A wight comes into view. It is wielding a +0 dire flail.
Found a robe and a potion of brilliance.
The wight barely misses you. Grum barely misses you.
The wight hits you with a +4 hand axe!
* * * LOW HITPOINT WARNING * * *
Grum lets out an intimidating howl.
Grum misses you. You furiously retaliate!
You headbutt Grum!
Activating: Slouch (22% risk of failure)
Press: ? - help, Dir - look around, f - activate You fail to use your ability.
Grum barely misses you. The wight hits you with a +4 hand axe.
* * * LOW HITPOINT WARNING * * *
You partially resist.
You feel drained.
Unknown command.
Okay, then.
Okay, then.
Okay, then.
Okay, then.
You warp the flow of time around you!
Cheibriados lowers the support of your attributes as your movement quickens.
Grum barks.
The wight closely misses you.
Aiming: Corrosive Bolt
Press: ? - help, Shift-Dir - straight line, f - wight
Aim: a wight, wielding a +4 hand axe and wearing a +0 robe (71% to hit)
The bolt of acid misses the wight.
The bolt of acid hits the wight.
The acid corrodes the wight!
The wight is moderately damaged.
The wight closely misses you.
Unknown command.
You closely miss the wight.
The wight hits you with a +0 dire flail!
You die...

##.....!.##.#
............
###.?.........
...........#
#[##.........
......[....# .#
#...z...# .# #z##.#
.# #@##.##.###..
.####.....).....#
#......g.†<.###
######......#####.#
#.............
#..))..#####.
.#####..#..##
..........).#
.....#####.#######


You could see Grum and 2 wights.

Vanquished Creatures
  Joseph (D:7)
  Grinder (D:3)
  Menkaure (D:6)
  2 ice beasts (D:6)
  3 sky beasts
  3 black bears
  An ogre (D:6)
  A centaur (D:8)
  A necrophage (D:5)
  2 wolves (D:8)
  A kobold brigand (D:4)
  A bullfrog (D:7)
  A scorpion (D:5)
  A wyvern skeleton (D:7)
  A water moccasin skeleton (D:5)
  12 killer bees
  A howler monkey (D:6)
  3 wights (D:8)
  A centaur zombie (D:5)
  A hound (D:6)
  6 jellies
  An orc priest (D:4)
  A bullfrog skeleton (D:7)
  Crazy Yiuf (D:2)
  2 centaur skeletons
  A gnoll shaman (D:5)
  Jessica (D:2)
  3 iguanas
  2 orc wizards (D:5)
  A howler monkey zombie (D:6)
  9 gnolls
  7 adders
  An ufetubus (D:6)
  An adder skeleton (D:4)
  A worm (D:2)
  A dart slug (D:5)
  10 orcs
  4 bats (D:1)
  4 endoplasms
  5 giant cockroaches
  10 goblins
  5 hobgoblins
  4 jackals (D:4)
  26 kobolds
  2 quokkas
  6 ball pythons
  3 frilled lizards
  6 rats
163 creatures vanquished.

Vanquished Creatures (others)
  A kobold (D:4)
  A fungus (D:2)
  74 plants
76 creatures vanquished.

Grand Total: 239 creatures vanquished

Notes
Turn   | Place    | Note
-------+----------+-------------------------------------------
     0 | D:1      | pkoi the Minotaur Gladiator began the quest for the Orb.
     0 | D:1      | Reached XP level 1. HP: 18/18 MP: 0/0
   269 | D:1      | Reached XP level 2. HP: 21/25 MP: 1/1
   307 | D:1      | Reached skill level 1 in Armour
   526 | D:1      | Reached XP level 3. HP: 30/30 MP: 2/2
   826 | D:2      | Noticed Jessica
   829 | D:2      | Killed Jessica
   830 | D:2      | Reached XP level 4. HP: 33/38 MP: 3/3
   839 | D:2      | Found a faded altar of an unknown god.
   844 | D:2      | Prayed at the altar of an unknown god.
   844 | D:2      | Became a worshipper of Cheibriados the Contemplative
   844 | D:2      | Reached * piety under Cheibriados
  1440 | D:2      | Found a runed translucent door.
  1441 | D:2      | Noticed Crazy Yiuf
  1446 | D:2      | Killed Crazy Yiuf
  1447 | D:2      | Reached skill level 5 in Long Blades
  1456 | D:2      | Identified the +10 mace "Gusk" {elec, rN+ Int+4}
  1684 | D:3      | Reached XP level 5. HP: 24/45 MP: 4/4
  1687 | D:3      | Reached skill level 1 in Invocations
  1948 | D:3      | Noticed Grinder
  1953 | D:3      | Paralysed by Grinder for 4 turns
  1957 | D:3      | Killed Grinder
  1958 | D:3      | Reached XP level 6. HP: 26/52 MP: 4/6
  2244 | D:3      | Reached ** piety under Cheibriados
  2385 | D:4      | Identified the +7 flail "Cipleab" {vorpal, rCorr Stlth+}
  2474 | D:4      | Identified the +10 dagger "Opiareb" {vorpal, Will+}
  2514 | D:4      | Found a staircase to the Ecumenical Temple.
  2526 | Temple   | Entered the Ecumenical Temple
  3338 | D:4      | Reached *** piety under Cheibriados
  3346 | D:4      | Reached XP level 7. HP: 33/60 MP: 7/7
  3775 | D:5      | Entered Level 5 of the Dungeon
  3906 | D:5      | Reached skill level 1 in Stealth
  4201 | D:5      | Reached skill level 5 in Dodging
  4281 | D:5      | Found Noam's Magic Scroll Shop.
  4353 | D:5      | Found an iron altar of Okawaru.
  4364 | D:5      | Reached skill level 5 in Fighting
  4364 | D:5      | Reached **** piety under Cheibriados
  4531 | D:5      | Reached XP level 8. HP: 64/68 MP: 9/9
  4953 | D:6      | Reached skill level 1 in Evocations
  5115 | D:6      | Noticed Menkaure
  5118 | D:6      | Killed Menkaure
  5119 | D:6      | Reached skill level 5 in Armour
  5174 | D:6      | Reached XP level 9. HP: 62/75 MP: 11/11
  5462 | D:6      | Reached skill level 5 in Maces & Flails
  5740 | D:7      | Reached ***** piety under Cheibriados
  5757 | D:7      | Noticed Joseph
  5765 | D:7      | Killed Joseph
  6442 | D:4      | Identified the +2 robe of Durphow {Dex+4}
  6624 | D:7      | Reached skill level 1 in Crossbows
  6883 | D:8      | Noticed Grum
  6889 | D:8      | Reached skill level 5 in Crossbows
  6890 | D:8      | HP: 3/78 [wight (4)]
  6893 | D:8      | Mangled by a wight

Illustrated notes

Levels and vault maps discovered:
D:1:      dpeg_arrival_round_b, layout_basic, minmay_pentomino_w4
D:2:      layout_rooms, shapermc_ecumenical_altar_hornbeckon,
          minmay_misc_feat_chi, serial_bayou_ford_a, minmay_misc_feat_five,
          uniq_jessica, uniq_crazy_yiuf_cottage
D:3:      layout_basic, minivault_25, corexii_item_surrounded_by_moat,
          uniq_grinder
D:4:      kennysheep_kobold_camp, layout_rooms, minmay_temple_entry_ruins
D:5:      layout_rooms, mainiacjoe_overflow_small_starburst, serial_shops,
          kennysheep_mini, minmay_misc_feat_room
D:6:      layout_basic, uniq_menkaure
D:7:      layout_cave_pools, uniq_joseph
D:8:      layout_loops_ring, uniq_psyche, uniq_grum
Temple:   mainiacjoe_temple_starburst

Skill      XL: |  1  2  3  4  5  6  7  8  9 |
---------------+----------------------------+-----
Long Blades    | 4 5 6 |  6.4
Armour         | 1 2 3 4 5 6 |  6.1
Fighting       | 3 4 5 6 |  6.6
Dodging        | 4 5 6 |  6.6
Invocations    | 2 3 4 |  4.6
Maces & Flails | 2 3 4 5 |  5.5
Stealth        | 1 3 |  3.6
Evocations     | 1 2 |  2.6
Crossbows      | 5 |  5.0
Throwing       | |  2.0

Action                   |  1- 3 |  4- 6 |  7- 9 || total
-------------------------+-------+-------+-------++-------
Melee: Long sword        |    58 |    26 |       ||    84
       Headbutt          |     5 |     9 |    30 ||    44
       Punch             |     1 |     1 |     1 ||     3
       Mace              |       |    60 |   127 ||   187
Invok: Temporal Distorti |       |       |     1 ||     1
Evoke: Wand              |       |       |     1 ||     1
  Use: Scroll            |     4 |     4 |     1 ||     9
       Potion            |       |     1 |     4 ||     5
 Stab: Sleeping          |       |     1 |     8 ||     9
       Invisible         |       |       |     1 ||     1
       Distracted        |       |       |     3 ||     3
Armor: Leather armour    |    22 |    25 |    31 ||    78
       Robe              |       |       |     3 ||     3
Dodge: Dodged            |    52 |    86 |   156 ||   294
